 Dungeon Crawl Stone Soup version 0.19.0-2-gae57169 (webtiles) character file.

146 Gargoyl the Skirmisher (level 5, -2/43 HPs)
             Began as a Demonspawn Abyssal Knight on Nov 3, 2016.
             Was a Believer of Lugonu.
             Slain by Grinder (5 damage)
             ... while paralysed by Grinder
             ... on level 2 of the Dungeon.
             The game lasted 00:03:35 (2100 turns).

Gargoyl the Skirmisher (Demonspawn Abyssal Knight)  Turns: 2100, Time: 00:03:36

Health: -2/43      AC: 10    Str: 13    XL:     5   Next: 7%
Magic:  7/7        EV:  2    Int: 14    God:    Lugonu [**....]
Gold:   142        SH:  0    Dex: 12    Spells: 0 memorised, 4 levels left

rFire  . . .     SeeInvis .     d - +1 hand axe (flame)
rCold  . . .     Gourm    .     n - +0 chain mail
rNeg   . . .     Faith    .     (no shield)
rPois  .         Spirit   .     (helmet restricted)
rElec  .         Reflect  .     (no cloak)
rCorr  .         Harm     .     (no gloves)
MR     .....                    (no boots)
Stlth  ..........               (no amulet)
                                (no ring)
                                (no ring)

@: paralysed
A: antennae 1, rugged brown scales 1
a: Depart the Abyss, Bend Space, Renounce Religion


You were on level 2 of the Dungeon.
You worshipped Lugonu.
Lugonu was pleased with you.
You were not hungry.

You visited 1 branch of the dungeon, and saw 3 of its levels.
You visited the Abyss 1 time.

You collected 142 gold pieces.

Inventory:

Hand Weapons
 a - a +1 hand axe
 d - a +1 hand axe of flaming (weapon)
Missiles
 p - 6 javelins (quivered)
Armour
 n - a +0 chain mail (worn)
Jewellery
 t - an uncursed ring of protection from magic {unknown}
Scrolls
 g - a scroll of recharging
 i - a scroll of remove curse {unknown}
 k - a scroll of teleportation
 l - a scroll of fog {unknown}
 u - a scroll of random uselessness {unknown}
Potions
 b - a potion of lignification {unknown}
 e - a potion of heal wounds {unknown}
 f - 2 potions of curing
 m - 3 potions of haste {unknown}
 o - 3 potions of brilliance {unknown}
 r - a potion of berserk rage {unknown}
 s - a potion of cure mutation {unknown}
Comestibles
 c - a bread ration
 h - a royal jelly
 j - a meat ration
 q - a slice of pizza


   Skills:
 + Level 3.7 Fighting
 + Level 2.9 Axes
 * Level 3.0 Armour
 + Level 1.2 Dodging
 * Level 3.4 Invocations


You had 4 spell levels left.
You didn't know any spells.

Dungeon Overview and Level Annotations

Branches:
Dungeon (3/15)

Altars:
The Shining One

Annotations:
D:2 Grinder


Innate Abilities, Weirdness & Mutations

You have a pair of small antennae on your head.
You are partially covered in rugged brown scales. (AC +1, +3% HP)


Message History

You hit Grinder but do no damage.
Grinder is almost dead.
Grinder gestures at you.
You suddenly lose the ability to move!
Grinder hits you.
* * * LOW HITPOINT WARNING * * *
You writhe in agony.
* * * LOW HITPOINT WARNING * * *
Grinder gestures at you.
You shrug off the repeated paralysis!
Grinder gestures at you.
You shrug off the repeated paralysis!
Grinder hits you.
* * * LOW HITPOINT WARNING * * *
You writhe in agony.
* * * LOW HITPOINT WARNING * * *
Grinder gestures at you.
You barely resist. Grinder hits you.
You die...

.# #.###### ##..### .# #.# ##..#.
.# #.# #.... .# #.# #..## .# #.#
#.### .# #.# #.# # .# #.# #####
#.# # .# #.# ##...##### #.### .#
#.####.@[.....# #.##. .#
#.....[5...##.# #.... .#####
######..[..##(# ####) .....#
##..(###.# ##. .###.# ##รท## #.#
##.# .###.############[#
#.#######>##
..................####........##
####.###########.....#########.##
#.# #.....#### ##.#


You could see Grinder.

Vanquished Creatures
  2 orc wizards (D:2)
  2 adders (D:2)
  An ooze (D:1)
  A worm (D:2)
  2 dart slugs
  2 leopard geckos (D:2)
  2 orcs
  A ball python (D:2)
  2 giant cockroaches
  7 goblins
  7 hobgoblins
  6 jackals
  8 bats
  A frilled lizard (D:2)
  7 kobolds
  5 rats
56 creatures vanquished.

Notes
Turn   | Place    | Note
-------+----------+-------------------------------------------
     0 | Abyss:1  | Gargoyl the Demonspawn Abyssal Knight began the quest for the Orb.
     0 | Abyss:1  | Reached XP level 1. HP: 18/18 MP: 2/2
    76 | Abyss:1  | Found a corrupted altar of Lugonu.
   114 | Abyss:1  | Noticed a large abomination
   125 | D:1      | Escaped the Abyss
   408 | D:1      | Gained mutation: You have a pair of small antennae on your head. [demonic ancestry]
   408 | D:1      | Reached XP level 2. HP: 24/24 MP: 3/3
   439 | D:1      | Reached skill level 1 in Dodging
   619 | D:1      | Reached * piety under Lugonu
   826 | D:1      | Reached XP level 3. HP: 29/29 MP: 5/5
  1557 | D:2      | Reached XP level 4. HP: 30/35 MP: 6/6
  1680 | D:2      | Found a glowing golden altar of the Shining One.
  1726 | D:2      | Reached ** piety under Lugonu
  1935 | D:3      | Gained mutation: You are partially covered in rugged brown scales. (AC +1, +3% HP) [demonic ancestry]
  1935 | D:3      | Reached XP level 5. HP: 35/42 MP: 7/7
  1938 | D:3      | Noticed Grinder
  2079 | D:2      | Paralysed by Grinder for 7 turns
  2094 | D:2      | Paralysed by Grinder for 7 turns
  2100 | D:2      | Slain by Grinder

Skill      XL: |  1  2  3  4 |
---------------+-------------+-----
Armour         | 2 3 |  3.0
Dodging        | 1 |  1.2
Axes           | 2 |  2.9
Invocations    | 3 |  3.4
Fighting       | |  3.7

Action                   |  1- 3 |  4- 6 || total
-------------------------+-------+-------++-------
Melee: Hand axe          |   116 |    44 ||   160
Throw: Javelin           |       |     1 ||     1
Invok: Depart the Abyss  |     1 |       ||     1
  Use: Scroll            |     3 |       ||     3
       Potion            |       |     1 ||     1
  Eat: Chunk             |     2 |     2 ||     4
Armor: Leather armour    |    20 |       ||    20
       Chain mail        |    70 |    40 ||   110
Dodge: Dodged            |    67 |    24 ||    91
